 Dungeon Crawl Stone Soup version 0.29-a0-559-g359e09b9d1 (console) character file.

Game seed: 12075904355169732918

30 kiyu the Shield-Bearer (level 3, 0/30 HPs)
             Began as a Draconian Wanderer on June 9, 2022.
             Succumbed to a kobold's poison
             ... on level 2 of the Dungeon.
             The game lasted 00:02:39 (1014 turns).

kiyu the Shield-Bearer (Draconian Wanderer)         Turns: 1014, Time: 00:02:40

Health: 0/30       AC:  8    Str: 12    XL:     3   Next: 5%
Magic:  4/4        EV: 12    Int: 11    God:
Gold:   29         SH:  5    Dex: 15    Spells: 3/4 levels left

rFire   . . .      SeeInvis +   a - +0 dagger
rCold   . . .      Faith    .   d - +0 buckler {AC+3}
rNeg    . . .      Spirit   .   (body armour unavailable)
rPois   .          Reflect  .   b - +0 hat
rElec   .          Harm     .   (no cloak)
rCorr   .          Rampage  .   (no gloves)
Will    .....                   (no boots)
Stlth   +.........              (no amulet)
HPRegen 0.10/turn               g - ring of see invisible
MPRegen 0.09/turn               (no ring)

@: lethally poisoned (0 -> -13), hasted, very quick
A: AC +5, unfitting armour, cold-blooded
a: no special abilities


You were on level 2 of the Dungeon.
You visited 1 branch of the dungeon, and saw 2 of its levels.

You collected 29 gold pieces.

Inventory:

Hand Weapons
 a - a +0 dagger (weapon)
Missiles
 j - 5 poisoned darts (quivered)
Armour
 b - a +0 hat (worn)
 d - a +0 buckler of protection (worn)
Jewellery
 g - a ring of see invisible (left hand)
Scrolls
 e - a scroll of noise {unknown}
 f - a scroll of identify {unknown}
 h - a scroll of magic mapping {unknown}
 i - a scroll of teleportation {unknown}
Potions
 c - a potion of heal wounds
 k - a potion of haste
 l - a potion of flight {unknown}


   Skills:
 + Level 2.8 Fighting
 + Level 0.5 Throwing
 - Level 2.6 Dodging
 - Level 5.0 Shields
 - Level 1.0 Spellcasting
 - Level 1.0 Transmutations


You had 3 spell levels left.
You knew the following spells:

 Your Spells              Type           Power      Damage    Failure   Level
a - Beastly Appendage     Tmut           4%         N/A       26%         1

Your spell library contained the following spells:

 Spells                   Type           Power      Damage    Failure   Level
 Ignite Poison            Fire/Tmut/Pois 1%         N/A       71%         3
 Gell's Gravitas          Tloc           0%         N/A       77%         3
 Lesser Beckoning         Tloc           0%         N/A       77%         3
 Ozocubu's Armour         Ice            0%         N/A       77%         3
 Teleport Other           Tloc           0%         N/A       77%         3
 Passage of Golubria      Tloc           0%         N/A       99%         4
 Silence                  Hex/Air        0%         N/A       100%        5
 Ozocubu's Refrigeration  Ice            0%         4d5       100%        7
 Lehudib's Crystal Spear  Conj/Erth      0%         10d2      100%        8


Dungeon Overview and Level Annotations

Branches:
Dungeon (2/15)

Altars:


Innate Abilities, Weirdness & Mutations

Your plain brown scales are hard. (AC +5)
You cannot fit into any form of body armour.
You are cold-blooded and may be slowed by cold attacks.


Message History

You are poisoned.
You barely miss the kobold.
You feel sick. The kobold barely misses you.
You completely miss the kobold.
You feel sick. The kobold barely misses you.
You barely miss the kobold.
You feel sick. You block the kobold's attack.
You barely miss the kobold.
You feel sick. The kobold hits you but does no damage.
You are more poisoned.
Throw: 8 darts (poison)
Press: ? - help, Q - select action, (/) - cycle Shift-Dir - straight line, f - kobold
Aim: a kobold, wielding a +0 dagger of venom (51% to hit)
You throw a poisoned dart.
The poisoned dart closely misses the kobold.
You feel sick. The kobold hits you but does no damage.
You are more poisoned.
Throw: 7 darts (poison)
Press: ? - help, Q - select action, (/) - cycle Shift-Dir - straight line, f/p - kobold
Aim: a kobold, wielding a +0 dagger of venom (51% to hit)
You throw a poisoned dart.
The poisoned dart completely misses the kobold.
You feel very sick. You block the kobold's attack.
You feel very sick.
Throw: 6 darts (poison)
Press: ? - help, Q - select action, (/) - cycle Shift-Dir - straight line, f/p - kobold
Aim: a kobold, wielding a +0 dagger of venom (51% to hit)
You throw a poisoned dart. The poisoned dart hits the kobold.
You feel very sick. The kobold hits you but does no damage.
You are lethally poisoned!
It was a potion of haste.
You feel yourself speed up.
* * * LOW HITPOINT WARNING * * *
You feel very sick. The kobold hits you but does no damage.
You are more poisoned.
Okay, then.
* * * LOW HITPOINT WARNING * * *
You feel sick.
* * * LOW HITPOINT WARNING * * *
You feel very sick.
You die...

....# ###.########
#....<.....#
#.......>..#
#..........#
#..........# ####
#.........(# ...#
#..........##########(.#
#...............@.K.(..#
#..........##...########
#.............###
####.......####
##.[...##### ##.##..#
...##..# #####..# # #..#


You could see a kobold.

Vanquished Creatures
  3 bats (D:1)
  5 endoplasms (D:1)
  2 goblins (D:1)
  3 hobgoblins
  A quokka (D:2)
  4 ball pythons (D:1)
  2 frilled lizards (D:1)
  4 kobolds (D:1)
  4 rats (D:1)
28 creatures vanquished.

Vanquished Creatures (others)
  A fungus (D:2)
  A plant (D:2)
2 creatures vanquished.

Grand Total: 30 creatures vanquished

Notes
Turn   | Place    | Note
-------+----------+-------------------------------------------
     0 | D:1      | kiyu the Draconian Wanderer began the quest for the Orb.
     0 | D:1      | kiyu set off with the following items: a +0 dagger, a +0
                  | hat, a potion of heal wounds, a +0 buckler of protection;
                  | and the following spell memorised: Beastly Appendage; and
                  | the following spells available to memorise: Ignite Poison
     0 | D:1      | Reached XP level 1. HP: 14/14 MP: 2/2
   118 | D:1      | Reached skill level 1 in Fighting
   245 | D:1      | Reached XP level 2. HP: 23/24 MP: 3/3
   928 | D:2      | Reached XP level 3. HP: 30/30 MP: 4/4
  1014 | D:2      | Succumbed to a kobold's poison

Illustrated notes

Levels and vault maps discovered:
D:1:      matt_arrival_diagonals, layout_rooms, st_stairs_3
D:2:      layout_rooms, shapermc_ecumenical_altar_acropolis, basic_altar

Skill      XL: |  1  2 |
---------------+-------+-----
Fighting       | 1 2 |  2.8
Throwing       | |  0.5
Dodging        | |  2.6
Shields        | |  5.0
Spellcasting   | |  1.0
Transmutations | |  1.0

Action                   || total
-------------------------++-------
Melee: Dagger            ||   131
       Tailslap          ||    15
Throw: Dart              ||     3
  Use: Potion            ||     1
Armor: Skin              ||    42
Dodge: Dodged            ||    71
Block: Buckler           ||    25

Table legend: (Time is in decaauts)
 A = Elapsed time spent in this place.
 B = Non-inter-level travel time spent in this place.
 C = Inter-level travel time spent in this place.
 D = Time resting spent in this place.
 E = Time spent auto-exploring this place.
 F = Levels seen in this place.
 G = Mean time per level.
                   A        B        C        D        E       F      G
               +--------+--------+--------+--------+--------+-----+--------+
         Total |   1023 |   1007 |     16 |    369 |    318 |   2 |  511.5 |
       Dungeon |   1023 |   1007 |     16 |    369 |    318 |   2 |  511.5 |
               +--------+--------+--------+--------+--------+-----+--------+

Top non-repeatable levels by time:
     D:1: 869 daAuts
     D:2: 154 daAuts
